 Dungeon Crawl Stone Soup version 0.27.1-1-g398f81649c (webtiles) character file.

Game seed: 1530843821671913514

42 Descartes the Shooter (level 3, 0/22 HPs)
             Began as a Deep Elf Wanderer on Sept 5, 2021.
             Slain by an adder (1 damage)
             ... on level 2 of the Dungeon.
             The game lasted 00:06:10 (2892 turns).

Descartes the Shooter (Deep Elf Wanderer)           Turns: 2892, Time: 00:06:10

Health: 0/22       AC:  5    Str: 14    XL:     3   Next: 33%
Magic:  0/8        EV: 10    Int: 16    God:
Gold:   93         SH:  0    Dex: 14    Spells: 6/6 levels left

rFire    . . .     SeeInvis .   a - +2 shortbow
rCold    . . .     Faith    .   (shield currently unavailable)
rNeg     . . .     Spirit   +   j - +0 ring mail
rPois    .         Reflect  .   (no helmet)
rElec    .         Harm     .   (no cloak)
rCorr    .         Rampage  .   (no gloves)
Will     +....                  (no boots)
Stlth    +.........             f - amulet of guardian spirit
HPRegen  0.07/turn              c - +6 ring of strength
MPRegen  0.11/turn              (no ring)

@: lethally poisoned (0 -> -8)
A: dopey 1, strong-willed 1, robust 1
a: no special abilities


You were on level 2 of the Dungeon.
You visited 1 branch of the dungeon, and saw 2 of its levels.

You collected 93 gold pieces.

Inventory:

Hand Weapons
 a - a +2 shortbow (weapon)
Missiles
 b - 9 arrows (quivered ammo)
 h - 32 stones
Armour
 j - a +0 ring mail (worn)
Jewellery
 c - a +6 ring of strength (left hand)
 f - an amulet of guardian spirit (around neck)
Scrolls
 e - 2 scrolls of identify {unknown}
 g - a scroll of vulnerability {unknown}
 k - 2 scrolls of teleportation {unknown}
Potions
 d - a potion of curing {unknown}


   Skills:
 - Level 1.5 Fighting
 + Level 3.3 Bows
 - Level 1.0 Throwing
 - Level 1.0 Armour
 + Level 1.4 Dodging
 - Level 1.0 Shields
 + Level 2.3 Spellcasting
 + Level 1.3 Conjurations
 - Level 2.6 Hexes
 + Level 1.2 Earth Magic


You had 6 spell levels left.
You didn't know any spells.
Your spell library contained the following spells:

 Spells                   Type           Power      Damage    Failure   Level
 Corpse Rot               Necr/Air       N/A        N/A       52%         2
 Sublimation of Blood     Necr           0%         N/A       52%         2
 Stone Arrow              Conj/Erth      10%        3d7       58%         3
 Bolt of Magma            Conj/Fire/Erth 2%         4d4       100%        5
 Shatter                  Erth           2%         3d6*      100%        9


Dungeon Overview and Level Annotations

Branches:
Dungeon (2/15)

Altars:

Shops:
D:1 !

Annotations:
D:2 Sigmund


Innate Abilities, Weirdness & Mutations

You are dopey. (Int -2)
You are strong-willed. (Will+)
You are robust. (+10% HP)


Message History

You shoot an arrow. The gnoll shouts!
The arrow hits the gnoll.
The gnoll is moderately wounded.
The gnoll throws a throwing net.
The throwing net barely misses you.
You shoot an arrow. The arrow barely misses the gnoll.
The gnoll hits you with a +0 whip.
An adder comes into view.
You shoot an arrow. The arrow barely misses the gnoll.
The adder hisses angrily.
The gnoll hits you with a +0 whip!
You shoot an arrow. The arrow barely misses the gnoll.
The gnoll barely misses you.
A giant cockroach comes into view.
You shoot an arrow. The arrow hits the gnoll.
The gnoll is severely wounded.
The gnoll hits you with a +0 whip. The gnoll closely misses you.
You are too injured to fight recklessly!
You see here a +0 short sword.
You shoot an arrow. The arrow hits the gnoll.
You kill the gnoll!
You shoot an arrow. The arrow hits the adder.
The adder is severely wounded.
The adder bites you but does no damage.
You shoot an arrow. The arrow barely misses the adder.
The arrow hits the giant cockroach.
The giant cockroach is almost dead.
The adder bites you.
You are poisoned.
The adder poisons you! The adder bites you.
* * * LOW HITPOINT WARNING * * *
You are lethally poisoned!
The adder poisons you!
* * * LOW HITPOINT WARNING * * *
You feel very sick.
It was a potion of mutation.
You feel extremely strange.
You feel stupid.
You feel robust.
You feel strong-willed.
* * * LOW HITPOINT WARNING * * *
You feel sick. The adder bites you. x2
You die...

#. ......###.#.# .
#. #.....#.#.#.#
#.####.....#.....##
#..................
#..###.....##...###
#..# #.....# #.##
#..#####.### .#
#......#.# .#
##@###.#.# +#
#S###.#[# #Bg.....#
###.#.### ##....###
#.......+ ##.B..###
##g..# #.###


You could see a gnoll, an adder and a giant cockroach.

Vanquished Creatures
  A gnoll (D:2)
  An adder (D:2)
  A bat (D:2)
  An endoplasm (D:1)
  2 giant cockroaches (D:1)
  A hobgoblin (D:1)
  5 jackals
  A kobold (D:1)
  A quokka (D:2)
  2 ball pythons (D:1)
  A frilled lizard (D:1)
  5 rats
22 creatures vanquished.

Notes
Turn   | Place    | Note
-------+----------+-------------------------------------------
     0 | D:1      | Descartes the Deep Elf Wanderer began the quest for the
                  | Orb.
     0 | D:1      | Descartes set off with the following items: a +2 shortbow,
                  | 31 arrows, a +0 robe; and the following spells available to
                  | memorise: Corpse Rot, Sublimation of Blood
     0 | D:1      | Reached XP level 1. HP: 12/12 MP: 5/5
   155 | D:1      | Found Imuch's Distillery.
   230 | D:1      | Found a faded altar of an unknown god.
   347 | D:1      | Reached XP level 2. HP: 16/16 MP: 6/6
   555 | D:1      | Reached skill level 3 in Bows
   923 | D:2      | Reached skill level 1 in Dodging
  1054 | D:2      | Reached skill level 1 in Conjurations
  1054 | D:2      | Reached skill level 1 in Earth Magic
  1127 | D:2      | Noticed Sigmund
  2838 | D:2      | Reached XP level 3. HP: 18/20 MP: 6/8
  2892 | D:2      | Gained mutation: You are dopey. (Int -2) [potion of
                  | mutation]
  2892 | D:2      | Gained mutation: You are robust. (+10% HP) [potion of
                  | mutation]
  2892 | D:2      | Gained mutation: You are strong-willed. (Will+) [potion of
                  | mutation]
  2892 | D:2      | HP: 1/22 [poisoned by an adder]
  2892 | D:2      | Slain by an adder

Illustrated notes

Levels and vault maps discovered:
D:1:      lemuel_arrival_lava_pool, layout_basic,
          hellmonk_ecumenical_altar_heavens_door, serial_shops,
          nicolae_shop_crystal
D:2:      layout_loops_corners, uniq_sigmund, uniq_terence, uniq_robin

Skill      XL: |  1  2 |
---------------+-------+-----
Bows           | 3 |  3.3
Spellcasting   | 2 |  2.3
Dodging        | 1 |  1.4
Conjurations   | 1 |  1.3
Earth Magic    | 1 |  1.2
Fighting       | |  1.5
Throwing       | |  1.0
Armour         | |  1.0
Shields        | |  1.0
Hexes          | |  2.6

Action                   || total
-------------------------++-------
 Fire: Shortbow          ||    96
  Use: Potion            ||     1
Armor: Ring mail         ||    12
Dodge: Dodged            ||    23
